SA
NIAGARA FALLS EXPOS @ PHOENIX HOTSPUR U-21
09/02/2026
 
TOP OF THE 1ST
Niagara Falls Expos batting - Pitching for Phoenix Hotspur U-21 : RHP Abdel Alamini
Pitching: RHP Abdel Alamini
Batting: RHB Roberto Camacho 0-0: Called Strike
0-1: Ball
1-1: Fly out, F5 (Popup, 56S)
Batting: LHB Mark Armstead 0-0: Ball
1-0: Called Strike
1-1: Ball
2-1: Ball
3-1: Swinging Strike
3-2: Base on Balls
Batting: RHB Edgardo Castro 0-0: Fly out, F9 (Flyball, 89S)
Batting: RHB Mario Germán 0-0: SINGLE (Line Drive, 6)
Mark Armstead to second
Batting: LHB Carlos Germán 0-0: Called Strike
0-1: Called Strike
0-2: Ball
1-2: SINGLE (Line Drive, 78M)
Mark Armstead to third
Mario Germán to second
Runner from 3rd tries for Home, SAFE, throw made at trailing runner, OUT at third!
Top of the 1st over - 1 run(s), 2 hit(s), 0 error(s), 1 left on base; Niagara Falls 1 - Phoenix 0
BOTTOM OF THE 1ST
Phoenix Hotspur U-21 batting - Pitching for Niagara Falls Expos : RHP Marnix van Rijn
Pitching: RHP Marnix van Rijn
Batting: RHB Solomon Norment 0-0: Fly out, F2 (Popup, 15)
Batting: LHB Tyler Kinjeketile 0-0: Ball
1-0: Ground out 4-3 (Groundball, 4MS)
Batting: RHB Takashi Miike 0-0: Foul Ball, location: 2F
0-1: Ground out 6-3 (Groundball, 6)
Bottom of the 1st over - 0 run(s), 0 hit(s), 0 error(s), 0 left on base; Niagara Falls 1 - Phoenix 0
TOP OF THE 2ND
Niagara Falls Expos batting - Pitching for Phoenix Hotspur U-21 : RHP Abdel Alamini
Batting: RHB Jim Unknown 0-0: Ball
1-0: Ball
2-0: Called Strike
2-1: Ball
3-1: Foul Ball, location: 2F
3-2: Foul Ball, location: 2F
3-2: Strikes out swinging
Batting: RHB Justin Smelter 0-0: Foul Ball, location: 2F
0-1: Ball
1-1: Foul Ball, location: 2F
1-2: Ball
2-2: Ball
3-2: Foul Ball, location: 2F
3-2: Foul Ball, location: 2F
3-2: DOUBLE (Line Drive, 7LM)
Batting: RHB Hou Kong 0-0: Ball
1-0: Ball
2-0: Swinging Strike
2-1: Swinging Strike
2-2: Ball
3-2: Foul Ball, location: 2F
3-2: Strikes out swinging
Batting: RHB Danijel van Aalten 0-0: Ball
1-0: Ball
2-0: Foul Ball, location: 2F
2-1: Foul Ball, location: 2F
2-2: Ball
3-2: Fly out, F3 (Line Drive, 3S)
Top of the 2nd over - 0 run(s), 1 hit(s), 0 error(s), 1 left on base; Niagara Falls 1 - Phoenix 0
BOTTOM OF THE 2ND
Phoenix Hotspur U-21 batting - Pitching for Niagara Falls Expos : RHP Marnix van Rijn
Batting: LHB Harumi Takaki 0-0: SOLO HOME RUN (Flyball, 9D), Distance : 403 ft
Batting: RHB Hieronymus Bosch 0-0: Called Strike
0-1: Foul Ball, location: 2F
0-2: Reached on error, E5 (Groundball, 5)
Batting: RHB Julián De Paz 0-0: Ball
1-0: Swinging Strike
1-1: Ball
2-1: Ball
3-1: Base on Balls
Hieronymus Bosch to second
Batting: RHB Juan Negrete 0-0: Ball
1-0: Fielders Choice at 2nd, 4-6 (Groundball, 4)
Hieronymus Bosch to third
Batting: LHB Corey Ferguson 0-0: Called Strike
0-1: Foul Ball, location: 2F
0-2: Foul Ball, location: 2F
0-2: Fly out, F8 (Flyball, 8RM)
Runner from 3rd tags up, SCORES, throw made
Batting: RHB Bill Erickson 0-0: Ball
1-0: Called Strike
1-1: Ball
Juan Negrete is caught stealing 2nd base
Bottom of the 2nd over - 2 run(s), 1 hit(s), 1 error(s), 0 left on base; Niagara Falls 1 - Phoenix 2
TOP OF THE 3RD
Niagara Falls Expos batting - Pitching for Phoenix Hotspur U-21 : RHP Abdel Alamini
Batting: RHB Roberto Camacho 0-0: Called Strike
0-1: Foul Ball, location: 2F
0-2: Strikes out swinging
Batting: LHB Mark Armstead 0-0: Fly out, F9 (Flyball, 9S)
Batting: RHB Edgardo Castro 0-0: Ball
1-0: Called Strike
1-1: Called Strike
1-2: Strikes out looking
Top of the 3rd over - 0 run(s), 0 hit(s), 0 error(s), 0 left on base; Niagara Falls 1 - Phoenix 2
BOTTOM OF THE 3RD
Phoenix Hotspur U-21 batting - Pitching for Niagara Falls Expos : RHP Marnix van Rijn
Batting: RHB Bill Erickson 0-0: Called Strike
0-1: Ball
1-1: Swinging Strike
1-2: SINGLE (Groundball, 6MD)
Batting: RHB Solomon Norment 0-0: Ball
1-0: Swinging Strike
1-1: Called Strike
1-2: Reached on error, E1 (Groundball, P)
Bill Erickson to second
Batting: LHB Tyler Kinjeketile 0-0: Swinging Strike
0-1: Ball
1-1: Ball
2-1: SINGLE (Line Drive, 34D)
Bill Erickson to third
Solomon Norment to second
Batting: RHB Takashi Miike 0-0: Ball
1-0: Reached on error, E5 (Groundball, 56)
Bill Erickson scores
Solomon Norment to third
Tyler Kinjeketile to second
Batting: LHB Harumi Takaki 0-0: Ball
1-0: SINGLE (Line Drive, 34)
Solomon Norment scores
Tyler Kinjeketile to third
Takashi Miike to second
Runner from 3rd tries for Home, SAFE, no throw
Batting: RHB Hieronymus Bosch 0-0: SINGLE (Line Drive, 6MD)
Takashi Miike to third
Harumi Takaki to second
Batting: RHB Julián De Paz 0-0: Ball
1-0: SINGLE (Line Drive, 8LS)
Takashi Miike scores
Harumi Takaki to third
Hieronymus Bosch to second
Batting: RHB Juan Negrete 0-0: Called Strike
0-1: Ball
1-1: Foul Ball, location: 2F
1-2: Fly out, F9 (Flyball, 89M)
Runner from 3rd tags up, SCORES, throw made
Batting: LHB Corey Ferguson 0-0: Called Strike
0-1: Ball
1-1: Ball
2-1: Ball
3-1: Base on Balls
Hieronymus Bosch to third
Julián De Paz to second
Batting: RHB Bill Erickson 0-0: Ball
1-0: Called Strike
1-1: Ball
Wild Pitch!
Hieronymus Bosch scores
Julián De Paz to third
Corey Ferguson to second
2-1: Ground out 4-3 (Groundball, 4)
Julián De Paz scores
Corey Ferguson to third
Pitching: LHP Jorge Alarcon
Batting: RHB Solomon Norment 0-0: Ball
1-0: Ball
2-0: Ball
3-0: Called Strike
3-1: Called Strike
3-2: Strikes out swinging
Bottom of the 3rd over - 7 run(s), 5 hit(s), 2 error(s), 1 left on base; Niagara Falls 1 - Phoenix 9
TOP OF THE 4TH
Niagara Falls Expos batting - Pitching for Phoenix Hotspur U-21 : RHP Abdel Alamini
Batting: RHB Mario Germán 0-0: Foul Ball, location: 2F
0-1: SINGLE (Groundball, 56D)
Batting: LHB Carlos Germán 0-0: Foul Ball, location: 2F
0-1: Swinging Strike
0-2: Ball
1-2: Foul Ball, location: 2F
1-2: Ball
2-2: Ball
3-2: Base on Balls
Mario Germán to second
Batting: RHB Jim Unknown 0-0: Ball
1-0: Foul Ball, location: 2F
1-1: Ball
2-1: Called Strike
2-2: Strikes out swinging
Batting: RHB Justin Smelter 0-0: Ball
1-0: Ball
2-0: Called Strike
2-1: SINGLE (Groundball, 4MD)
Mario Germán to third
Carlos Germán to second
Runner from 3rd tries for Home, SAFE, no throw
Batting: RHB Hou Kong 0-0: Ball
1-0: Fly out, F4 (Popup, 34D)
Batting: RHB Danijel van Aalten 0-0: SINGLE (Line Drive, 6M)
Carlos Germán to third
Justin Smelter to second
Runner from 3rd tries for Home, SAFE, no throw
Batting: RHB Roberto Camacho 0-0: Swinging Strike
0-1: Ball
1-1: Called Strike
1-2: Ball
2-2: SINGLE (Flyball, 9LS)
Justin Smelter to third
Danijel van Aalten to second
Runner from 3rd tries for Home, SAFE, no throw
Batting: LHB Mark Armstead 0-0: Called Strike
0-1: Ball
1-1: Ball
2-1: Ball
3-1: Base on Balls
Danijel van Aalten to third
Roberto Camacho to second
Batting: RHB Edgardo Castro 0-0: Ball
1-0: Called Strike
1-1: Called Strike
1-2: Strikes out swinging
Top of the 4th over - 3 run(s), 4 hit(s), 0 error(s), 3 left on base; Niagara Falls 4 - Phoenix 9
BOTTOM OF THE 4TH
Phoenix Hotspur U-21 batting - Pitching for Niagara Falls Expos : LHP Jorge Alarcon
Batting: LHB Tyler Kinjeketile 0-0: Ball
1-0: Fly out, F9 (Flyball, 89D)
Batting: RHB Takashi Miike 0-0: Swinging Strike
0-1: Ball
1-1: Foul Ball, location: 2F
1-2: Ball
2-2: Strikes out swinging
Batting: LHB Harumi Takaki 0-0: Ball
1-0: Called Strike
1-1: Ball
2-1: Swinging Strike
2-2: Strikes out swinging
Bottom of the 4th over - 0 run(s), 0 hit(s), 0 error(s), 0 left on base; Niagara Falls 4 - Phoenix 9
TOP OF THE 5TH
Niagara Falls Expos batting - Pitching for Phoenix Hotspur U-21 : RHP Abdel Alamini
Batting: RHB Mario Germán 0-0: Foul Ball, location: 2F
0-1: Fly out, F6 (Line Drive, 6M)
Batting: LHB Carlos Germán 0-0: Ground out U3 (Groundball, 34)
Batting: RHB Jim Unknown 0-0: Swinging Strike
0-1: Ball
1-1: Foul Ball, location: 2F
1-2: Ball
2-2: Strikes out swinging
Top of the 5th over - 0 run(s), 0 hit(s), 0 error(s), 0 left on base; Niagara Falls 4 - Phoenix 9
BOTTOM OF THE 5TH
Phoenix Hotspur U-21 batting - Pitching for Niagara Falls Expos : LHP Jorge Alarcon
Batting: RHB Hieronymus Bosch 0-0: Called Strike
0-1: Ball
1-1: SINGLE (Groundball, 34D)
Batting: RHB Julián De Paz 0-0: Foul Ball, location: 2F
0-1: Ball
1-1: Grounds into double play, 6-4-3 (Groundball, 6)
Batting: RHB Juan Negrete 0-0: Called Strike
0-1: Ground out 6-3 (Groundball, 6)
Bottom of the 5th over - 0 run(s), 1 hit(s), 0 error(s), 0 left on base; Niagara Falls 4 - Phoenix 9
TOP OF THE 6TH
Niagara Falls Expos batting - Pitching for Phoenix Hotspur U-21 : RHP Abdel Alamini
Batting: RHB Justin Smelter 0-0: Fly out, F8 (Line Drive, 78D)
Batting: RHB Hou Kong 0-0: Swinging Strike
0-1: Ball
1-1: Swinging Strike
1-2: Ground out 6-3 (Groundball, 56)
Batting: RHB Danijel van Aalten 0-0: SINGLE (Line Drive, 34)
Batting: RHB Roberto Camacho 0-0: Ball
1-0: Foul Ball, location: 2F
1-1: Fly out, F7 (Flyball, 7S)
Top of the 6th over - 0 run(s), 1 hit(s), 0 error(s), 1 left on base; Niagara Falls 4 - Phoenix 9
BOTTOM OF THE 6TH
Phoenix Hotspur U-21 batting - Pitching for Niagara Falls Expos : LHP Jorge Alarcon
Batting: LHB Corey Ferguson 0-0: Ball
1-0: Fly out, F7 (Flyball, 78D)
Batting: RHB Bill Erickson 0-0: Called Strike
0-1: Ball
1-1: SINGLE (Groundball, 4MD)
Batting: RHB Solomon Norment 0-0: Swinging Strike
0-1: Foul Ball, location: 2F
0-2: Strikes out looking
Batting: LHB Tyler Kinjeketile 0-0: Ball
1-0: Ball
2-0: Ball
3-0: Called Strike
3-1: Called Strike
3-2: Foul Ball, location: 2F
3-2: Foul Ball, location: 2F
3-2: Ground out U3 (Groundball, 3)
Bottom of the 6th over - 0 run(s), 1 hit(s), 0 error(s), 1 left on base; Niagara Falls 4 - Phoenix 9
TOP OF THE 7TH
Niagara Falls Expos batting - Pitching for Phoenix Hotspur U-21 : RHP Abdel Alamini
Batting: LHB Mark Armstead 0-0: Called Strike
0-1: Ball
1-1: Ground out 4-3 (Groundball, 34D)
Batting: RHB Edgardo Castro 0-0: Called Strike
0-1: Foul Ball, location: 2F
0-2: Ball
1-2: Fly out, F7 (Flyball, 7)
Batting: RHB Mario Germán 0-0: Ball
1-0: Ball
2-0: Called Strike
2-1: Swinging Strike
2-2: Ball
3-2: Foul Ball, location: 2F
3-2: Strikes out swinging, 2-3 out at first.
Top of the 7th over - 0 run(s), 0 hit(s), 0 error(s), 0 left on base; Niagara Falls 4 - Phoenix 9
BOTTOM OF THE 7TH
Phoenix Hotspur U-21 batting - Pitching for Niagara Falls Expos : LHP Jorge Alarcon
Batting: RHB Takashi Miike 0-0: Ball
1-0: Ball
2-0: Foul Ball, location: 2F
2-1: Ball
3-1: SOLO HOME RUN (Flyball, 7D), Distance : 402 ft
Batting: LHB Harumi Takaki 0-0: Ball
1-0: Swinging Strike
1-1: Swinging Strike
1-2: Strikes out looking
Pitching: LHP Ammuc Mwenda
Batting: RHB Hieronymus Bosch 0-0: Called Strike
0-1: Ball
1-1: Ball
2-1: Ball
3-1: Swinging Strike
3-2: Foul Ball, location: 2F
3-2: Strikes out looking
Batting: RHB Julián De Paz 0-0: Ball
1-0: Called Strike
1-1: Foul Ball, location: 2F
1-2: Fly out, F8 (Flyball, 78M)
Bottom of the 7th over - 1 run(s), 1 hit(s), 0 error(s), 0 left on base; Niagara Falls 4 - Phoenix 10
TOP OF THE 8TH
Niagara Falls Expos batting - Pitching for Phoenix Hotspur U-21 : RHP Abdel Alamini
Pitching: LHP Cameron Roberts
Now at 1B: Huey Wood
Batting: LHB Carlos Germán 0-0: Ball
1-0: Foul Ball, location: 2F
1-1: Foul Ball, location: 2F
1-2: Strikes out swinging
Batting: RHB Jim Unknown 0-0: Foul Ball, location: 2F
0-1: Called Strike
0-2: Ball
1-2: Strikes out swinging
Batting: RHB Justin Smelter 0-0: Ground out 4-3 (Groundball, 34)
Top of the 8th over - 0 run(s), 0 hit(s), 0 error(s), 0 left on base; Niagara Falls 4 - Phoenix 10
BOTTOM OF THE 8TH
Phoenix Hotspur U-21 batting - Pitching for Niagara Falls Expos : LHP Ammuc Mwenda
Batting: RHB Juan Negrete 0-0: Called Strike
0-1: Foul Ball, location: 2F
0-2: Ball
1-2: Strikes out swinging
Batting: LHB Corey Ferguson 0-0: Fly out, F7 (Line Drive, 7S)
Batting: RHB Bill Erickson 0-0: Foul Ball, location: 2F
0-1: Ground out 6-3 (Groundball, 6)
Bottom of the 8th over - 0 run(s), 0 hit(s), 0 error(s), 0 left on base; Niagara Falls 4 - Phoenix 10
TOP OF THE 9TH
Niagara Falls Expos batting - Pitching for Phoenix Hotspur U-21 : LHP Cameron Roberts
Now at C: Germán Alfaro
Now in RF: Roldan Martir
Batting: RHB Hou Kong 0-0: Foul Ball, location: 2F
0-1: Ball
1-1: SINGLE (Line Drive, 34)
Batting: RHB Danijel van Aalten 0-0: Ball
1-0: Foul Ball, location: 2F
1-1: Grounds into double play, 4-6-3 (Groundball, 4)
Batting: RHB Roberto Camacho 0-0: SINGLE (Flyball, 7S)
Batting: LHB Mark Armstead 0-0: Ball
1-0: Swinging Strike
1-1: Called Strike
1-2: Ball
2-2: Strikes out looking
Top of the 9th over - 0 run(s), 2 hit(s), 0 error(s), 1 left on base; Niagara Falls 4 - Phoenix 10
Monday, March 20th, 2017 - OOTP Baseball 17.12 Build 75